 Dungeon Crawl Stone Soup version 0.17.1-1-g73c8601 (webtiles) character file.

53 DeXoteric the Skirmisher (level 3, -4/34 HPs)
             Began as a Naga Warper on Jan 1, 2016.
             Slain by Crazy Yiuf
             ... wielding a +4 quarterstaff of chaos
              (13 damage)
             ... on level 2 of the Dungeon.
             The game lasted 00:05:17 (2041 turns).

DeXoteric the Skirmisher (Naga Warper)              Turns: 2041, Time: 00:05:17

Health: -4/34      AC:  2    Str: 13    XL:     3   Next: 89%
Magic:  6/6        EV:  9    Int: 13    God:
Gold:   124        SH:  0    Dex: 11    Spells: 1 memorised, 5 levels left

rFire  . . .     SeeInvis +     a - +0 falchion
rCold  . . .     Clarity  .     b - +0 leather armour
rNeg   . . .     SustAt   .     (no shield)
rPois  +         Gourm    .     (no helmet)
rElec  .         Spirit   .     (no cloak)
rCorr  .         Warding  .     (no gloves)
rMut   .         Stasis   .     (no barding)
MR     .....                    m - amulet of inaccuracy (curse)
Stlth  +.........               (no ring)
                                (no ring)

@: short of breath, very slow, not resistant to hostile enchantments, very
unstealthy
A: see invisible, deformed body, poison resistance, slowness 2, slow metabolism
1, spit poison 2, AC +1
a: Spit Poison


You were on level 2 of the Dungeon.
You were not hungry.

You visited 1 branch of the dungeon, and saw 2 of its levels.

You collected 124 gold pieces.

Inventory:

Hand Weapons
 a - a +0 falchion (weapon)
Missiles
 e - 5 tomahawks of dispersal (quivered)
Armour
 b - a +0 leather armour (worn)
Jewellery
 m - a cursed amulet of inaccuracy (around neck)
Scrolls
 d - a scroll of blinking
 h - a scroll of remove curse {unknown}
 k - 2 scrolls of identify {unknown}
 n - a scroll of amnesia {unknown}
 o - a scroll of enchant armour {unknown}
Potions
 g - a potion of magic {unknown}
 i - 2 potions of heal wounds {unknown}
 l - 2 potions of brilliance {unknown}
Books
 c - a book of Spatial Translocations

   Spells                             Type                      Level
   a - Apportation                    Translocation                1
   b - Blink                          Translocation                2
   c - Shroud of Golubria             Charms/Translocation         2
   d - Portal Projectile              Translocation                3
   e - Teleport Other                 Translocation                3
   f - Passage of Golubria            Translocation                4
Comestibles
 f - 3 bread rations
 j - a meat ration
 p - 6 chunks of flesh


   Skills:
 + Level 3.2 Fighting
 * Level 3.1 Long Blades
 - Level 0.8 Throwing
 - Level 0.7 Armour
 - Level 1.5 Dodging
 - Level 2.0 Spellcasting
 - Level 3.0 Translocations


You had 5 spell levels left.
You knew the following spells:

 Your Spells              Type           Power        Failure   Level  Hunger
a - Apportation           Tloc           #.........   12%         1    ##.....


Dungeon Overview and Level Annotations

Branches:
Dungeon (2/15)

Altars:
Elyvilon

Annotations:
D:2 Crazy Yiuf


Innate Abilities, Weirdness & Mutations

You cannot wear boots.
Your serpentine skin is tough (AC +1).
You have supernaturally acute eyesight.
Armour fits poorly on your strangely shaped body.
Your system is resistant to poisons.
You cover ground very slowly.
You have a slow metabolism.
You can spit poison.


Message History

You have got your breath back.
Crazy Yiuf barely misses you.
You closely miss Crazy Yiuf.
Crazy Yiuf hits you with a quarterstaff of chaos.
You take 4 damage, and have 27/34 hp.
Aim: Crazy Yiuf, wielding a quarterstaff of chaos and wearing a cloak The splash of poison hits Crazy Yiuf.
You feel slightly more hungry.
Crazy Yiuf cries, "Goober blue seventy!"
Crazy Yiuf hits you with a quarterstaff of chaos.
You take 3 damage, and have 24/34 hp.
You have got your breath back.
Crazy Yiuf hits you with a quarterstaff of chaos!
* * * LOW HITPOINT WARNING * * *
Crazy Yiuf burns you.
* * * LOW HITPOINT WARNING * * *
You take 15 damage, and have 9/34 hp.
MASSIVE DAMAGE!!
Aim: Crazy Yiuf, wielding a quarterstaff of chaos and wearing a cloak (moderately wounded)
The splash of poison misses Crazy Yiuf.
You feel slightly more hungry.
Crazy Yiuf hits you with a quarterstaff of chaos!
You die...

#......'....##
###......######
#........#######
#.#####........#
#.# ##########
#.# #.########
#.##...#.###
#..Ng...#..#
#......####g....#
##.#..## #..)#
###### ###
############
#..........###
#.............


You could see Crazy Yiuf.

Vanquished Creatures
  An adder (D:2)
  A worm (D:2)
  A ball python (D:2)
  A bat (D:1)
  8 goblins (D:1)
  6 hobgoblins
  3 jackals (D:2)
  12 kobolds
  4 giant newts
  6 rats
43 creatures vanquished.

Notes
Turn   | Place    | Note
--------------------------------------------------------------
     0 | D:1      | DeXoteric the Naga Warper began the quest for the Orb.
     0 | D:1      | Reached XP level 1. HP: 19/19 MP: 3/3
    97 | D:1      | Reached XP level 2. HP: 13/26 MP: 5/5
   562 | D:1      | Reached XP level 3. HP: 25/33 MP: 6/6
  1745 | D:2      | Found a white marble altar of Elyvilon.
  2028 | D:2      | Noticed Crazy Yiuf
  2041 | D:2      | Slain by Crazy Yiuf

Action                   || total
-------------------------++-------
Melee: Falchion          ||   132
 Abil: Spit Poison       ||    24
  Eat: Chunk             ||     2
       Pizza             ||     1
